[Event "Titled Tuesday Blitz January 04 2022"]
[White "Navalgund, Niranjan"]
[Black "Moskalenko, Alexander"]
[WhiteFideId "5030854"]
[BlackFideId "4155351"]
[WhiteElo "2290"]
[BlackElo "2515"]
[Result "0-1"]
[Round "04"]
[TimeControl "180+1"]
[Date "2022.01.04"]
[WhiteClock "0:00:36"]
[BlackClock "0:01:43"]

1. e4 c6 2. Nc3 d5 3. Nf3 dxe4 4. Nxe4 Nf6 5. Qe2 Nxe4 6. Qxe4 Qd5 7. Qf4 Qf5 8. Qg3 Qxc2 9. Be2 Qg6 10. Qc7 Nd7 11. O-O Qd6 12. Qa5 g6 13. d4 Bg7 14. Bd2 Qd5 15. Qc7 Qd6 16. Qa5 b6 17. Qa4 a5 18. d5 cxd5 19. Bb5 O-O 20. Bf4 e5 21. Bg3 Nc5 22. Qa3 Bb7 23. Rfe1 f6 24. Rad1 Rfd8 25. Rd2 Ne4 26. Qxd6 Nxd6 27. Bf1 Ne4 28. Rc2 Rac8 29. Rec1 Rxc2 30. Rxc2 Nxg3 31. hxg3 Rc8 32. Rxc8+ Bxc8 33. Bb5 Be6 34. b3 Kf7 35. Kf1 Ke7 36. Ke2 Kd6 37. Kd2 f5 38. Ng5 Bh6 39. f4 Bxg5 40. fxg5 d4 41. Bd3 Bd5 42. Bf1 Kc5 0-1


[Site "https://www.chess.com"]

[Event "Titled Tuesday Blitz January 04 2022"]
[White "Nepomniachtchi, Ian"]
[Black "Roshka, Yevgeniy"]
[WhiteFideId "4168119"]
[BlackFideId "14129558"]
[WhiteElo "2740"]
[BlackElo "2437"]
[Result "0-1"]
[Round "04"]
[TimeControl "180+1"]
[Date "2022.01.04"]
[WhiteClock "0:00:23"]
[BlackClock "0:00:10"]

1. e4 d5 2. exd5 Qxd5 3. Nc3 Qd6 4. d4 Nf6 5. Nb5 Qb6 6. Nf3 a6 7. Na3 Bg4 8. Nc4 Qe6+ 9. Nce5 Qd6 10. Bf4 Nc6 11. Be2 Bxf3 12. Bxf3 Nxd4 13. Bxb7 Qb4+ 14. c3 Qxb7 15. Qxd4 Qxg2 16. Qa4+ c6 17. O-O-O Qe4 18. Qxc6+ Qxc6 19. Nxc6 e6 20. b4 Rc8 21. Na7 Ra8 22. Be3 Nd5 23. Bd4 Nxc3 24. Bxc3 Rxa7 25. Rhe1 Be7 26. Re4 Bf6 27. Rc4 Bxc3 28. Rc8+ Ke7 29. Rxh8 Rc7 30. Rxh7 Bxb4+ 31. Kb2 Bc3+ 32. Kb3 Be5 33. Rh4 Rc3+ 34. Ka4 Rc2 35. a3 Rxf2 36. Ka5 Bxh2 37. Kxa6 g5 38. Rg4 Bf4 39. a4 f5 40. Rgg1 g4 41. a5 Ra2 42. Ra1 Rxa1 43. Rxa1 Be3 44. Kb7 f4 45. a6 g3 46. Ra3 g2 47. a7 Bxa7 48. Rxa7 g1=Q 49. Ra8 Qg2+ 50. Kc7 Qxa8 51. Kb6 Qb8+ 52. Kc6 Qd6+ 53. Kb5 f3 54. Kc4 e5 55. Kc3 e4 56. Kc2 e3 57. Kb3 e2 58. Kc4 f2 59. Kc3 Qd1 60. Kb4 Kd6 61. Kb5 Qd5+ 0-1


[Site "https://www.chess.com"]

[Event "Titled Tuesday Blitz January 04 2022"]
[White "Panesar Vedant"]
[Black "Kobalia, Mikhail"]
[WhiteFideId "35033018"]
[BlackFideId "4119150"]
[WhiteElo "1971"]
[BlackElo "2667"]
[Result "1-0"]
[Round "04"]
[TimeControl "180+1"]
[Date "2022.01.04"]
[WhiteClock "0:00:08"]
[BlackClock "0:00:01"]

1. d4 Nf6 2. c4 g6 3. Nc3 Bg7 4. e4 O-O 5. Nf3 d6 6. Be2 e5 7. O-O Nc6 8. d5 Ne7 9. Ne1 Nd7 10. Be3 f5 11. f3 f4 12. Bf2 g5 13. Nd3 Rf6 14. c5 Rg6 15. g4 fxg3 16. hxg3 Nf6 17. Kg2 h5 18. cxd6 cxd6 19. Rc1 a6 20. Na4 g4 21. Nb6 Rb8 22. Nxc8 Rxc8 23. Qb3 Bh6 24. Rxc8 Qxc8 25. Nxe5 dxe5 26. d6+ Ned5 27. fxg4 Kg7 28. exd5 Nxg4 29. Bxg4 Rxg4 30. Qc3 Qf5 31. Qc7+ Kg6 32. d7 Qe4+ 33. Kg1 Be3 34. Qd6+ Kg7 35. Qe7+ Kg6 36. Qe6+ Kg7 37. Kh2 Rxg3 38. Qe7+ 1-0


[Site "https://www.chess.com"]

[Event "Titled Tuesday Blitz January 04 2022"]
[White "Paravyan, David"]
[Black "Cunha, Lucas Aguiar"]
[WhiteFideId "4194985"]
[BlackFideId "2125404"]
[WhiteElo "2569"]
[BlackElo "2361"]
[Result "1-0"]
[Round "04"]
[TimeControl "180+1"]
[Date "2022.01.04"]
[WhiteClock "0:01:33"]
[BlackClock "0:01:15"]

1. e4 c5 2. Nf3 e6 3. d4 cxd4 4. Nxd4 Nc6 5. Nc3 Qc7 6. Be2 a6 7. Bg5 b5 8. Nxc6 dxc6 9. e5 h6 10. Bh4 Bb7 11. O-O Qxe5 12. Bf3 Nf6 13. a4 b4 14. Re1 Qc7 15. Ne4 Rd8 16. Nxf6+ gxf6 17. Rxe6+ fxe6 18. Bh5+ Ke7 19. Bxf6+ Kxf6 20. Qf3+ Kg7 21. Qg4+ Kf6 22. Qg6+ Ke7 23. Qf7+ Kd6 24. Rd1+ Kc5 25. Qxc7 Rxd1+ 26. Bxd1 1-0


[Site "https://www.chess.com"]

[Event "Titled Tuesday Blitz January 04 2022"]
[White "Perez Gormaz, Matias"]
[Black "Tasev, Dejan"]
[WhiteFideId "3406342"]
[BlackFideId "936618"]
[WhiteElo "2352"]
[BlackElo "2253"]
[Result "0-1"]
[Round "04"]
[TimeControl "180+1"]
[Date "2022.01.04"]
[WhiteClock "0:00:03"]
[BlackClock "0:00:42"]

1. e4 c6 2. d4 d5 3. e5 Bf5 4. h4 h6 5. g4 Be4 6. f3 Bg6 7. e6 Qd6 8. exf7+ Kxf7 9. f4 h5 10. Nf3 Nd7 11. g5 e6 12. Bh3 Ne7 13. Nc3 Nf5 14. Ne2 c5 15. c3 Rc8 16. O-O Qb6 17. Kg2 Bd6 18. Ne5+ Nxe5 19. fxe5 Be7 20. Nf4 cxd4 21. cxd4 Qc6 22. Rf2 Nxh4+ 23. Kh1 Nf5 24. Qd3 Rhf8 25. Bd2 h4 26. Raf1 Ng3+ 27. Qxg3 hxg3 28. Rf3 Bf5 29. g6+ Ke8 30. Bxf5 Rxf5 31. Rxg3 Qc2 32. Bc3 Qe4+ 33. Kh2 Rxf4 0-1


[Site "https://www.chess.com"]

[Event "Titled Tuesday Blitz January 04 2022"]
[White "Perez Ponsa, Federico"]
[Black "Khoroshev, Nikita"]
[WhiteFideId "117927"]
[BlackFideId "14200287"]
[WhiteElo "2672"]
[BlackElo "2354"]
[Result "1-0"]
[Round "04"]
[TimeControl "180+1"]
[Date "2022.01.04"]
[WhiteClock "0:00:19"]
[BlackClock "0:00:56"]

1. d4 Nf6 2. Nf3 c5 3. d5 d6 4. Nc3 g6 5. e4 Bg7 6. Bb5+ Bd7 7. a4 O-O 8. h3 Ne8 9. O-O Nc7 10. Bc4 b6 11. Re1 a6 12. e5 Be8 13. Bf4 dxe5 14. Bxe5 Nd7 15. Bxg7 Kxg7 16. d6 exd6 17. Qxd6 Nf6 18. Qxb6 Rb8 19. Qxc5 Rxb2 20. Bb3 Ne6 21. Qa3 Rxb3 22. cxb3 Nf4 23. Rad1 Qa8 24. Qa1 Bc6 25. Rd6 Bxf3 26. Rxf6 Nxg2 27. Nd5 Bxd5 28. Rxa6+ Kg8 29. Rxa8 Bxa8 30. Re7 Nh4 31. Qf6 Nf3+ 32. Kf1 Bd5 33. Rd7 Be6 34. Rd8 Bxh3+ 35. Ke2 Bg4 36. Rxf8+ Kxf8 37. Ke3 h5 38. a5 Ne1 39. a6 Nc2+ 40. Kd2 Nb4 41. Qd6+ 1-0


[Site "https://www.chess.com"]

[Event "Titled Tuesday Blitz January 04 2022"]
[White "Pichot, Alan"]
[Black "Supatashvili, Khvicha"]
[WhiteFideId "110973"]
[BlackFideId "13600664"]
[WhiteElo "2543"]
[BlackElo "2708"]
[Result "1-0"]
[Round "04"]
[TimeControl "180+1"]
[Date "2022.01.04"]
[WhiteClock "0:00:52"]
[BlackClock "0:00:01"]

1. e4 c6 2. d4 d5 3. e5 Bf5 4. h4 h5 5. Bd3 Qd7 6. Ne2 Bxd3 7. Qxd3 e6 8. Nd2 Ne7 9. Ng3 c5 10. c3 cxd4 11. cxd4 Nbc6 12. a3 Rc8 13. Nf3 Na5 14. O-O Qa4 15. Bg5 Qb3 16. Rfd1 Qxd3 17. Rxd3 Nec6 18. b3 Nb8 19. Bd2 Nac6 20. Ne2 g6 21. g3 Nd7 22. Kg2 Be7 23. b4 Nb6 24. b5 Nb8 25. a4 Nc4 26. Bg5 Nd7 27. Bxe7 Kxe7 28. Ng5 Rhf8 29. Rf3 Nd2 30. Rd3 Rc2 31. Nf4 Nc4 32. Rf3 Nd2 33. Rd3 Rfc8 34. Rd1 Nc4 35. Rf3 Rf8 36. g4 1-0


[Site "https://www.chess.com"]

[Event "Titled Tuesday Blitz January 04 2022"]
[White "Sadhwani, Raunak"]
[Black "Thavandiran, Shiyam"]
[WhiteFideId "35093487"]
[BlackFideId "2605058"]
[WhiteElo "2616"]
[BlackElo "2357"]
[Result "1-0"]
[Round "04"]
[TimeControl "180+1"]
[Date "2022.01.04"]
[WhiteClock "0:01:04"]
[BlackClock "0:00:43"]

1. e4 c6 2. Nf3 d5 3. d3 g6 4. Qe2 Bg7 5. g3 e6 6. Bg2 Ne7 7. O-O O-O 8. d4 dxe4 9. Qxe4 Nd7 10. Rd1 b6 11. c4 Bb7 12. Nc3 Qc8 13. Ne5 Nxe5 14. dxe5 Rb8 15. Bg5 Re8 16. Qf4 Qc7 17. Bf6 Bxf6 18. Qxf6 Nf5 19. g4 Ng7 20. c5 bxc5 21. Ne4 Red8 22. Qg5 Ne8 23. Nf6+ Nxf6 24. exf6 Rxd1+ 25. Rxd1 Kh8 26. Rd3 Rg8 27. Rh3 1-0


[Site "https://www.chess.com"]

[Event "Titled Tuesday Blitz January 04 2022"]
[White "Seo, Jung Min"]
[Black "Pert, Richard G"]
[WhiteFideId "1734687"]
[BlackFideId "404748"]
[WhiteElo "2401"]
[BlackElo "2441"]
[Result "1-0"]
[Round "04"]
[TimeControl "180+1"]
[Date "2022.01.04"]
[WhiteClock "0:00:17"]
[BlackClock "0:00:08"]

1. e4 c5 2. Nf3 d6 3. d4 cxd4 4. Qxd4 Nc6 5. Bb5 Bd7 6. Bxc6 Bxc6 7. O-O Nf6 8. Nc3 g6 9. Nd5 Bg7 10. Bg5 Bxd5 11. exd5 O-O 12. c4 a6 13. Rae1 b5 14. b3 bxc4 15. bxc4 Qc7 16. Nd2 Rfc8 17. Qe3 Re8 18. Rb1 Rab8 19. h3 Nd7 20. Rxb8 Qxb8 21. Rb1 Qc7 22. Qa3 Nc5 23. Be3 e6 24. dxe6 Rxe6 25. Nb3 Ne4 26. Qxa6 h5 27. Rc1 Nc3 28. Rc2 Kh7 29. Qa7 Qc6 30. Qxf7 Rf6 31. Qe7 Nd5 32. Qe4 Nxe3 33. Qxc6 Nxc2 34. a4 Nb4 35. Qb7 Nd3 36. a5 Rxf2 37. a6 Rb2 38. a7 Rb1+ 39. Kh2 Kh6 40. a8=Q Be5+ 41. g3 Rb2+ 42. Kg1 Rb1+ 43. Kg2 Rb2+ 44. Kf3 Ne1+ 45. Ke4 Re2+ 46. Kd5 Nc2 47. Qf8+ Kg5 48. Qbe7+ 1-0


[Site "https://www.chess.com"]

[Event "Titled Tuesday Blitz January 04 2022"]
[White "Shipov, Sergei"]
[Black "Agasarov, Benik"]
[WhiteFideId "4113624"]
[BlackFideId "13314823"]
[WhiteElo "2757"]
[BlackElo "2612"]
[Result "1-0"]
[Round "04"]
[TimeControl "180+1"]
[Date "2022.01.04"]
[WhiteClock "0:01:00"]
[BlackClock "0:00:08"]

1. d4 Nf6 2. c4 e6 3. Nc3 Bb4 4. Qc2 d5 5. a3 Bxc3+ 6. Qxc3 Ne4 7. Qc2 Nc6 8. e3 e5 9. cxd5 Qxd5 10. f3 Qa5+ 11. b4 Nxb4 12. axb4 Qxa1 13. fxe4 exd4 14. Nf3 O-O 15. exd4 Bg4 16. Qb2 Qa4 17. Bd3 a5 18. bxa5 Qxa5+ 19. Kf2 Rfd8 20. Be3 c5 21. d5 f5 22. exf5 Qc7 23. Qb3 Qd6 24. Rc1 b6 25. h3 Bh5 26. Ng5 Re8 27. Ne6 Bf7 28. Bf4 Qd7 29. Bb5 Qe7 30. Bxe8 Rxe8 31. Qxb6 Qh4+ 32. Bg3 Qh6 33. Qxc5 Bxe6 34. dxe6 Qd2+ 35. Kg1 Rf8 36. Kh2 h5 37. e7 Re8 38. Re1 h4 39. Bxh4 Qf4+ 40. Bg3 Qg5 41. Qd5+ Kh8 42. Qe6 1-0


[Site "https://www.chess.com"]

[Event "Titled Tuesday Blitz January 04 2022"]
[White "Sjugirov, Sanan"]
[Black "Nenezic, Marko"]
[WhiteFideId "4189302"]
[BlackFideId "912123"]
[WhiteElo "2602"]
[BlackElo "2484"]
[Result "1-0"]
[Round "04"]
[TimeControl "180+1"]
[Date "2022.01.04"]
[WhiteClock "0:01:07"]
[BlackClock "0:00:29"]

1. e4 c5 2. Nf3 d6 3. Bb5+ Bd7 4. Bxd7+ Qxd7 5. O-O Nf6 6. Qe2 Nc6 7. c3 e6 8. d4 cxd4 9. cxd4 d5 10. e5 Ne4 11. Nbd2 Nxd2 12. Bxd2 Be7 13. g3 O-O 14. Kg2 a5 15. a3 a4 16. h4 f5 17. exf6 Bxf6 18. Bc3 Na7 19. Rfe1 Rae8 20. Rad1 Nb5 21. Bb4 Rf7 22. Qd3 h6 23. Re3 Na7 24. Rde1 Nc6 25. Bc3 Nd8 26. R1e2 Qc6 27. h5 b5 28. Qg6 Qd7 29. Qg4 Rfe7 30. Bb4 Rf7 31. Bc5 Nb7 32. Bb4 Nd8 33. Ba5 Nc6 34. Bc3 Nd8 35. Qg6 Nc6 36. Qd3 Nd8 37. Nh2 Be7 38. Ng4 Ref8 39. Ne5 Qc7 40. Nxf7 Rxf7 41. Qxb5 1-0


[Site "https://www.chess.com"]

[Event "Titled Tuesday Blitz January 04 2022"]
[White "Svane, Rasmus"]
[Black "Riehle, Marco"]
[WhiteFideId "4657101"]
[BlackFideId "12904392"]
[WhiteElo "2645"]
[BlackElo "2462"]
[Result "1-0"]
[Round "04"]
[TimeControl "180+1"]
[Date "2022.01.04"]
[WhiteClock "0:00:16"]
[BlackClock "0:00:23"]

1. Nf3 c5 2. c4 Nf6 3. Nc3 d5 4. cxd5 Nxd5 5. e3 Nc6 6. Bb5 e6 7. b3 Be7 8. Bb2 O-O 9. O-O a6 10. Bxc6 bxc6 11. Ne5 Bf6 12. Ne4 Qc7 13. Nxf6+ Nxf6 14. Rc1 Qd6 15. Qc2 a5 16. Rfd1 Nd7 17. Nxd7 Bxd7 18. Qxc5 Qxc5 19. Rxc5 Rfb8 20. Bc3 a4 21. b4 Rb5 22. a3 Rxc5 23. bxc5 Rb8 24. Bb4 Kf8 25. f4 Ke7 26. Kf2 Bc8 27. d3 Ba6 28. e4 Bb5 29. g4 g6 30. Ke3 Rd8 31. Ba5 Rd7 32. Be1 Rb7 33. h3 Ba6 34. Bb4 Rd7 35. Rd2 Rb7 36. g5 Rd7 37. h4 Rb7 38. Rd1 Rd7 39. d4 Bc4 40. Rh1 Rd8 41. h5 Rb8 42. Rh2 Bb3 43. Rh1 Bc4 44. Rc1 Bb3 45. Kd3 Rh8 46. Rh1 Rb8 47. Kc3 Ba2 48. Rf1 Rh8 49. Rf2 Bb3 50. Rf1 f5 51. gxf6+ Kxf6 52. h6 g5 53. f5 g4 54. Kd3 Rg8 55. Bc3 g3 56. d5+ e5 57. dxc6 Rc8 58. Rg1 Rxc6 59. Rxg3 Rxc5 60. Rg7 Bc4+ 61. Kd2 Rc8 62. Rxh7 Rd8+ 63. Ke1 Bd3 64. Bb4 Re8 65. Be7+ Rxe7 66. Rxe7 Kxe7 67. h7 Kd6 68. h8=Q Bc2 69. Qb8+ Kc5 70. Qb4+ Kc6 71. Kd2 1-0


[Site "https://www.chess.com"]

[Event "Titled Tuesday Blitz January 04 2022"]
[White "Tanenbaum, Zachary"]
[Black "Timofeev, Artyom"]
[WhiteFideId "2060850"]
[BlackFideId "4140419"]
[WhiteElo "2168"]
[BlackElo "2583"]
[Result "0-1"]
[Round "04"]
[TimeControl "180+1"]
[Date "2022.01.04"]
[WhiteClock "0:00:03"]
[BlackClock "0:00:25"]

1. e4 c5 2. Nf3 Nc6 3. Nc3 a6 4. d4 cxd4 5. Nxd4 e6 6. g3 d6 7. Bg2 Bd7 8. O-O Nf6 9. Re1 Be7 10. Nxc6 Bxc6 11. Bf4 O-O 12. Qd2 Qb6 13. e5 dxe5 14. Bxe5 Rfd8 15. Qe2 Bxg2 16. Kxg2 Nd7 17. Rad1 Nxe5 18. Qxe5 Bf6 19. Qe2 Qxb2 20. Ne4 b5 21. Qf3 Be7 22. Nd6 Bxd6 23. Rxd6 Qxa2 24. Rd7 Rf8 25. Rxf7 Qd5 26. Qxd5 exd5 27. Rd7 Rf7 28. Rxd5 b4 29. Ra5 Rc7 30. Rb1 Rb8 31. Rxa6 Rxc2 32. Ra4 b3 33. Ra3 b2 34. Ra2 Kf7 35. Kf3 Rb3+ 36. Kg2 Ke6 37. Ra6+ Kd5 38. Ra5+ Kc4 39. Ra8 Rb5 40. Rc8+ Rc5 41. Rb8 Kc3 42. Kf3 Rc4 43. Ke3 Rb4 44. Rc8+ Kb3 45. Rd8 Rc1 46. Rd1 Rxb1 47. Rxb1 Kc2 48. Rd1 Kxd1 0-1


[Site "https://www.chess.com"]

[Event "Titled Tuesday Blitz January 04 2022"]
[White "Terry, Renato"]
[Black "Weetik, Vjacheslav"]
[WhiteFideId "3803457"]
[BlackFideId "4153472"]
[WhiteElo "2577"]
[BlackElo "2469"]
[Result "1-0"]
[Round "04"]
[TimeControl "180+1"]
[Date "2022.01.04"]
[WhiteClock "0:00:04"]
[BlackClock "0:00:03"]

1. d4 Nf6 2. Bg5 d5 3. Bxf6 gxf6 4. e3 c5 5. c3 e5 6. Nf3 Nc6 7. Nbd2 cxd4 8. cxd4 Bh6 9. Be2 O-O 10. O-O Be6 11. Nb3 Qe7 12. g3 Kh8 13. Nh4 Rg8 14. Rc1 f5 15. Ng2 f4 16. exf4 exf4 17. Rc3 Bh3 18. Bf3 Qf6 19. Bxd5 Rad8 20. Bxc6 bxc6 21. Qh5 Bf5 22. Rc5 Be4 23. Qe5 Qxe5 24. Rxe5 Bd5 25. Rh5 Rg6 26. Re1 Rb8 27. Re7 a5 28. Ra7 Re6 29. Re5 Rbe8 30. Nxf4 Rxe5 31. dxe5 Bf3 32. Nd4 Be4 33. Rxa5 Rd8 34. Nfe2 Bf8 35. f3 Bd5 36. Kf2 Bb4 37. Ra4 Bc5 38. Ke3 Re8 39. f4 f6 40. Ra5 Bb6 41. Ra6 Bc5 42. Kd3 fxe5 43. fxe5 Rxe5 44. Nc3 Bg2 45. Nxc6 Re6 46. Ra8+ Kg7 47. Rc8 Bxc6 48. Kc4 Bf2 49. Rc7+ Kg6 50. b4 Bg2 51. b5 Bf1+ 52. Kb3 Bb6 53. Rc8 Bd4 54. a4 Re3 55. Kb4 Bg2 56. Rc4 Bf6 57. a5 Be7+ 58. Ka4 Bf6 59. Kb4 Be7+ 60. Ka4 Bf1 61. Rc6+ Bf6 62. Rxf6+ Kg7 63. Rc6 1-0


[Site "https://www.chess.com"]

[Event "Titled Tuesday Blitz January 04 2022"]
[White "Theodorou, Nikolas"]
[Black "Gabrielian, Artur"]
[WhiteFideId "4262875"]
[BlackFideId "4131002"]
[WhiteElo "2472"]
[BlackElo "2440"]
[Result "1-0"]
[Round "04"]
[TimeControl "180+1"]
[Date "2022.01.04"]
[WhiteClock "0:00:04"]
[BlackClock "0:00:02"]

1. e4 c5 2. d4 cxd4 3. c3 Nf6 4. e5 Nd5 5. Bc4 Nb6 6. Bb3 d5 7. exd6 Qxd6 8. Nf3 Nc6 9. Ng5 e6 10. O-O Be7 11. Qh5 g6 12. Qh6 Bf8 13. Qh3 Bg7 14. Na3 h6 15. Nb5 Qe7 16. Ne4 Kf8 17. Nbd6 Bd7 18. Nxb7 Rb8 19. Nbc5 Bc8 20. Nd3 Nd5 21. Qg3 Ba6 22. Rd1 Bxd3 23. Rxd3 Rd8 24. Ba4 Na5 25. cxd4 Qb4 26. Bd2 Qxa4 27. Ra3 Qxd4 28. Bxa5 Qxb2 29. Re1 Rc8 30. Rf3 Kg8 31. h4 Be5 32. Qg4 Rc1 33. h5 Rxe1+ 34. Bxe1 Qc1 35. Kf1 Qc4+ 36. Kg1 Qc1 37. Kf1 g5 38. Rb3 Kg7 39. Rb7 Qc4+ 40. Kg1 Nf4 41. Qf3 Ne2+ 42. Kh1 Nf4 43. Kg1 Rd8 44. g3 Rd3 45. Nd2 Qc1 46. Qe4 Rxd2 47. gxf4 Bf6 48. Qg6+ Kf8 49. Qxf7# 1-0


[Site "https://www.chess.com"]

[Event "Titled Tuesday Blitz January 04 2022"]
[White "Tsydypov, Zhamsaran"]
[Black "Tsaruk, Maksim"]
[WhiteFideId "4108566"]
[BlackFideId "13511173"]
[WhiteElo "2614"]
[BlackElo "2224"]
[Result "1-0"]
[Round "04"]
[TimeControl "180+1"]
[Date "2022.01.04"]
[WhiteClock "0:00:20"]
[BlackClock "0:00:04"]

1. e4 e5 2. Nf3 Nc6 3. Bb5 a6 4. Ba4 Nf6 5. O-O b5 6. Bb3 Bb7 7. Re1 Be7 8. c3 d5 9. exd5 Nxd5 10. Nxe5 Nxe5 11. Rxe5 c5 12. d4 c4 13. Bc2 O-O 14. Qf3 Bd6 15. Re1 Nb4 16. Bxh7+ Kxh7 17. Qxb7 Nd3 18. Rf1 Qh4 19. g3 Qh5 20. Nd2 f5 21. b3 f4 22. bxc4 fxg3 23. hxg3 Nxf2 24. Rxf2 Rxf2 25. Qe4+ Rf5 26. Qh1 Bxg3 27. Qxh5+ Rxh5 28. c5 Bh2+ 29. Kg2 Re8 30. Nf3 Re2+ 31. Kf1 Rc2 32. Bd2 Bg3 33. Ke2 Bf4 34. Kd3 Rxd2+ 35. Nxd2 Rh3+ 36. Kc2 Rh2 37. Rd1 g5 38. d5 g4 39. d6 g3 40. d7 Bg5 41. Kd3 g2 42. Nf3 Rh3 43. Ke4 Bd8 44. c6 Rh1 45. Rg1 Rxg1 46. Nxg1 Bb6 47. Kd5 Kg6 48. Kd6 Bxg1 49. d8=Q Bh2+ 50. Kd7 g1=Q 51. Qg8+ Kf5 52. Qxg1 Bxg1 53. c7 1-0


[Site "https://www.chess.com"]

[Event "Titled Tuesday Blitz January 04 2022"]
[White "Vakhlamov, Igor L."]
[Black "Piorun, Kacper"]
[WhiteFideId "24126748"]
[BlackFideId "1130420"]
[WhiteElo "2401"]
[BlackElo "2571"]
[Result "1-0"]
[Round "04"]
[TimeControl "180+1"]
[Date "2022.01.04"]
[WhiteClock "0:00:05"]
[BlackClock "0:00:09"]

1. e4 e6 2. d4 d5 3. Nc3 Bb4 4. exd5 exd5 5. Bd3 Nc6 6. Nf3 Nge7 7. O-O Bf5 8. a3 Bxc3 9. bxc3 O-O 10. a4 Re8 11. h4 Bxd3 12. Qxd3 Qd7 13. Ba3 Ng6 14. g3 Qg4 15. Nh2 Qh3 16. Qf3 Re4 17. Rab1 b6 18. Rb5 Qe6 19. h5 Nge7 20. Rd1 Nf5 21. Nf1 a6 22. Rbb1 Re8 23. Bc1 Na5 24. Bf4 Qd7 25. Bxc7 Nh4 26. gxh4 Qxc7 27. Ng3 Rxh4 28. Qxd5 Rg4 29. Qf3 Rf4 30. Qd3 Nc4 31. Re1 Rf8 32. Re2 g6 33. Rbe1 b5 34. axb5 axb5 35. d5 Qd6 36. Re7 Rg4 37. Kf1 Rd8 38. h6 Rf8 39. Ne4 Qh2 40. Nf6+ Kh8 41. Nxg4 Qh1+ 42. Ke2 Qh4 43. Qd4+ f6 44. Nxf6 1-0


[Site "https://www.chess.com"]

[Event "Titled Tuesday Blitz January 04 2022"]
[White "Vovk, Orest"]
[Black "Makarian, Rudik"]
[WhiteFideId "14113490"]
[BlackFideId "44105681"]
[WhiteElo "2203"]
[BlackElo "2486"]
[Result "1/2-1/2"]
[Round "04"]
[TimeControl "180+1"]
[Date "2022.01.04"]
[WhiteClock "0:00:05"]
[BlackClock "0:00:23"]

1. h4 d5 2. h5 e5 3. h6 Nxh6 4. d4 exd4 5. Bxh6 gxh6 6. Qxd4 Rg8 7. Nc3 Nc6 8. Qxd5 Be6 9. Qxd8+ Rxd8 10. e3 Nb4 11. Rc1 Bg7 12. Nge2 Bxa2 13. Rh4 a5 14. Rxb4 axb4 15. Nxa2 c5 16. Rb1 Be5 17. Nac1 Ke7 18. Nd3 Bd6 19. b3 Ra8 20. Nef4 Ra2 21. Kd2 Rd8 22. Nd5+ Ke6 23. e4 f5 24. f3 b5 25. Be2 Rg8 26. g4 fxe4 27. fxe4 h5 28. Rf1 hxg4 29. Rf6+ Kd7 30. e5 Be7 31. Rf7 Ke6 32. Rxe7+ Kxd5 33. Rd7+ Ke6 34. Nxc5+ Kxe5 35. Rxh7 g3 36. Rh1 g2 37. Rg1 Kf4 38. Nd3+ Kg3 39. Nxb4 Ra7 40. Bf1 Kf2 41. Rxg2+ Rxg2 42. Bxg2 Kxg2 43. Kc3 Rc7+ 44. Kd4 Kf3 45. c3 Ke2 46. Nd5 Rc8 47. c4 bxc4 48. bxc4 Kd2 49. c5 Kc2 50. Kc4 Kb2 51. Kb5 Ka3 52. c6 Rb8+ 53. Nb6 Rh8 54. c7 Ka2 55. Nd5 Rc8 56. Kc6 Ka1 57. Kd7 Rh8 58. Nf6 Ra8 59. Ne8 Kb1 60. Nd6 Kc1 61. Kc6 Rh8 62. Nf7 Rc8 63. Kb7 Rxc7+ 64. Kxc7 1/2-1/2


[Site "https://www.chess.com"]

[Event "Titled Tuesday Blitz January 04 2022"]
[White "Yaran, Siar"]
[Black "Migot, Tangi"]
[WhiteFideId "6323006"]
[BlackFideId "662445"]
[WhiteElo "1977"]
[BlackElo "2515"]
[Result "0-1"]
[Round "04"]
[TimeControl "180+1"]
[Date "2022.01.04"]
[WhiteClock "0:00:02"]
[BlackClock "0:00:14"]

1. e4 c5 2. Nf3 e6 3. d4 cxd4 4. Nxd4 Nc6 5. Nc3 Qc7 6. a3 a6 7. Be2 Nf6 8. f4 Nxd4 9. Qxd4 Bc5 10. Qd3 b5 11. e5 Ng8 12. Bf3 Bb7 13. Bxb7 Qxb7 14. Ne4 Be7 15. Be3 Rc8 16. O-O-O Nh6 17. h3 Rc4 18. Nd2 Rc8 19. g4 b4 20. a4 b3 21. Qxb3 Qc6 22. Kb1 f5 23. Rhg1 O-O 24. g5 Nf7 25. g6 hxg6 26. Rxg6 Nh8 27. Rg3 Rb8 28. Qc4 Qb7 29. Nb3 Rfc8 30. Qd3 Qb4 31. Qxd7 Kf7 32. Rdg1 g6 33. Bd2 Qb6 34. Bc3 Rc4 35. a5 Qf2 36. Rxg6 Nxg6 37. Rxg6 Qf1+ 38. Ka2 Kxg6 39. Qxe6+ Kh5 40. Qxf5+ Kh6 41. Qe6+ Kh5 42. Qxe7 Ra4+ 43. Qa3 Rxa3+ 44. Kxa3 Qb5 45. Nd4 Qc5+ 46. Ka2 Qc4+ 47. Kb1 Rd8 48. Nb3 Rd1+ 49. Nc1 Qf1 0-1


[Site "https://www.chess.com"]

[Event "Titled Tuesday Blitz January 04 2022"]
[White "Yilmaz, Mustafa"]
[Black "Maly, Alexey"]
[WhiteFideId "6302718"]
[BlackFideId "14103184"]
[WhiteElo "2568"]
[BlackElo "2266"]
[Result "0-1"]
[Round "04"]
[TimeControl "180+1"]
[Date "2022.01.04"]
[WhiteClock "0:00:05"]
[BlackClock "0:00:59"]

1. d4 d5 2. c4 dxc4 3. Nf3 Nf6 4. e3 e6 5. Bxc4 a6 6. O-O b5 7. Bd3 Bb7 8. a4 b4 9. Nbd2 Nbd7 10. e4 Be7 11. Qe2 c5 12. e5 Nd5 13. Ne4 cxd4 14. Bg5 O-O 15. Nd6 Bxg5 16. Nxb7 Qe7 17. Qe4 g6 18. Qxd4 Nxe5 19. Nxe5 Qxb7 20. Be4 Rfd8 21. Rad1 Bf6 22. f4 Rac8 23. Qf2 Bg7 24. h4 h5 25. Rfe1 Qc7 26. Bd3 a5 27. Ba6 Ra8 28. Bb5 Qd6 29. g3 Bxe5 30. fxe5 Qe7 31. Kh2 Rac8 32. Rc1 Qb7 33. Qe2 Rxc1 34. Rxc1 Qa7 35. Rc6 Qd4 36. Rc4 Qb6 37. Rc6 Qa7 38. Rd6 Rc8 39. Bc4 Rxc4 40. Qxc4 Qf2+ 41. Kh3 Ne3 42. Rd8+ Kg7 43. Qe4 Qf1+ 44. Kh2 Ng4+ 45. Qxg4 hxg4 46. b3 Qf2+ 47. Kh1 Qxg3 48. h5 Qxe5 49. hxg6 Kxg6 50. Rg8+ Kf5 51. Rh8 Qxh8+ 0-1


[Site "https://www.chess.com"]

[Event "Titled Tuesday Blitz January 04 2022"]
[White "Yuan, Qingyu"]
[Black "Sorokin, Aleksey"]
[WhiteFideId "8609772"]
[BlackFideId "24176460"]
[WhiteElo "2359"]
[BlackElo "2476"]
[Result "0-1"]
[Round "04"]
[TimeControl "180+1"]
[Date "2022.01.04"]
[WhiteClock "0:00:02"]
[BlackClock "0:01:02"]

1. Nf3 Nf6 2. g3 g6 3. b3 Bg7 4. Bb2 d5 5. Bg2 c5 6. O-O O-O 7. e3 Nc6 8. Ne5 Bd7 9. c4 d4 10. Nxc6 Bxc6 11. Bxc6 bxc6 12. Qf3 Qd7 13. exd4 cxd4 14. d3 e5 15. Nd2 Rfe8 16. Rfe1 Re6 17. Re2 Rae8 18. Rae1 c5 19. h3 Qc7 20. Kh2 Qa5 21. a3 Bh6 22. Ne4 Nxe4 23. Qxe4 Bd2 24. Rf1 Bc3 25. Bc1 Qb6 26. b4 cxb4 27. axb4 Qxb4 28. Bh6 a5 29. Qd5 a4 30. f4 exf4 31. Rxe6 fxe6 32. Qd7 Qe7 33. Qxa4 e5 34. Qc6 Qe6 35. Qb7 Qf7 36. Qe4 Bd2 37. c5 Be3 38. Kg2 Rb8 39. c6 Rb2+ 40. Kf3 Rf2+ 41. Rxf2 fxg3+ 42. Kg4 gxf2 43. c7 Qd7+ 44. Kg3 Bxh6 45. Qa8+ Kg7 46. c8=Q Qxc8 47. Qxc8 f1=Q 48. Qd7+ Kg8 49. Qe8+ Bf8 50. Qe6+ Qf7 51. Qxe5 Qd7 52. Qe4 Qd6+ 53. Kg2 Be7 54. Qa8+ Kg7 55. Qe4 Qf6 56. Qd5 Bd6 57. Qb7+ Qe7 58. Qc6 Qe5 59. Qd7+ Kh6 60. Qd8 Qe2+ 61. Kg1 Qe3+ 62. Kg2 Qg5+ 63. Kh1 Qxd8 64. h4 Qe7 65. h5 Qe2 66. Kg1 Qh2+ 67. Kf1 Bg3 68. hxg6 Qf2# 0-1


[Site "https://www.chess.com"]

[Event "Titled Tuesday Blitz January 04 2022"]
[White "Zhigalko, Sergei"]
[Black "Gunina, Valentina"]
[WhiteFideId "13502956"]
[BlackFideId "4167570"]
[WhiteElo "2662"]
[BlackElo "2465"]
[Result "1-0"]
[Round "04"]
[TimeControl "180+1"]
[Date "2022.01.04"]
[WhiteClock "0:00:06"]
[BlackClock "0:00:03"]

1. e4 c6 2. d4 d5 3. e5 c5 4. Nf3 Nc6 5. dxc5 Bg4 6. c3 e6 7. Be3 Qc7 8. Nbd2 Nh6 9. Bb5 Nf5 10. Bd4 Be7 11. O-O O-O 12. Bxc6 Qxc6 13. b4 b6 14. cxb6 axb6 15. a3 Bh5 16. h3 Qc7 17. Re1 b5 18. g4 Nxd4 19. Nxd4 Bg6 20. Nxb5 Qd7 21. a4 f6 22. Nf3 f5 23. Nfd4 Bh4 24. Ra2 Qe7 25. Nd6 Kh8 26. gxf5 exf5 27. Qf3 f4 28. Qg4 Bg5 29. Ne6 h5 30. Qxg5 Qxe6 31. f3 Kh7 32. Kh2 Ra7 33. Rg1 Rc7 34. Rag2 Bd3 35. Qxh5+ Kg8 36. Rg4 d4 37. Rh4 1-0


[Site "https://www.chess.com"]